AoeStats
← XEVER | Monarca

Arabia

509712551Analyzed
4v4 RM · 4d ago on Sep 27, 2026· 19m 19s· 8 players
Game mode
Random Map
Map size
Large (8 player)
Population
200
Speed
Normal
Resources
Standard
Victory
Conquest
Starting age
Dark Age
Ending age
Imperial Age
RankedLock teamsTeams togetherTeam positionsShared explorationLock speedFull tech treeHidden civsTurbo modeCheats
Victory
Defeat
🇦🇷 Khmer · Argentina
1878
+10
🇪🇨 Danes · Ecuador
1826
+12
🇦🇷 Gurjaras · Argentina
1577
+22
🇦🇷 Bulgarians · Argentina
1556
+22
🇩🇪 Georgians · Germany
1792
-19
🇨🇿 Berbers · Czechia
1738
-17
🇧🇷 Burmese · Brazil
1733
-17
🇦🇷 Britons · Argentina
1644
-13
Eärnur
6:36 Loom
8:51 Feudal Age
9:28 Double-Bit Axe
15:28 Scale Barding Armor
16:22 Forging
XEVER | Dylan
6:26 Loom
8:54 Feudal Age
14:39 Fletching
18:20 Padded Archer Armor
XEVER | Monarca
5:44 Loom
8:31 Feudal Age
11:08 Double-Bit Axe
19:22 Scale Barding Armor
VL Nahue05
5:45 Loom
8:02 Feudal Age
11:02 Fletching
17:46 Padded Archer Armor
18:12 Double-Bit Axe
hK | Islamey
7:07 Loom
9:22 Feudal Age
14:47 Horse Collar
15:29 Double-Bit Axe
15:51 Fletching
Franczesco
9:09 Feudal Age
9:40 Double-Bit Axe
10:39 Horse Collar
11:40 Loom
18:14 Scale Barding Armor
18:48 Bloodlines
BF_Xin
8:25 Feudal Age
8:54 Double-Bit Axe
9:14 Loom
10:31 Horse Collar
19:17 Forging
Sung Jinwoo
5:40 Loom
8:56 Feudal Age
13:44 Fletching
18:55 Padded Archer Armor
Connection lost

Rejoining the realm…

Still unreachable

The connection could not be restored.

Session expired

The server has moved on; the page needs a fresh start.